 Dungeon Crawl Stone Soup version 0.30.1 (webtiles) character file.

Game seed: 4683694642840289394

3546 Sabo the Cleaver (level 9, 0/69 HPs)
             Began as a Demonspawn Monk on July 2, 2023.
             Was a Believer of Qazlal.
             Slain by a wight
             ... wielding a +0 halberd
              (13 damage)
             ... on level 8 of the Dungeon.
             The game lasted 00:36:06 (6723 turns).

Sabo the Cleaver (Demonspawn Monk)                  Turns: 6723, Time: 00:36:06

Health: 0/69       AC: 10    Str: 16    XL:     9   Next: 83%
Magic:  9/9        EV:  7    Int: 11    God:    Qazlal [**....]
Gold:   1226       SH:  7    Dex: 22    Spells: 8/8 levels left

rFire   + . .        u - +0 war axe
rCold   . . .        (no shield)
rNeg    . . .        C - +0 plate armour
rPois   .            (no helmet)
rElec   .            (no cloak)
rCorr   .            (gloves unavailable)
SInv    .            (no boots)
Will    .....        v - amulet of reflection Stlth
                     q - ring of Linearity {rF+ Dex+6 Slay+3}
HPRegen 0.31/turn    (no ring)
MPRegen 0.11/turn

%: reflection
@: corroded
A: slimy green scales 1, demonic guardian 1, demonic touch 3
a: Renounce Religion, Upheaval


You were on level 8 of the Dungeon.
You worshipped Qazlal.
Qazlal was pleased with you.
You visited 2 branches of the dungeon, and saw 9 of its levels.

You collected 1226 gold pieces.

Inventory:

Hand Weapons
 u - a +0 war axe (weapon)
 B - a +0 arbalest
Missiles
 e - 5 boomerangs (quivered)
 n - 19 poisoned darts
Armour
 d - an orb of light
 C - a +0 plate armour (worn)
Jewellery
 q - the ring of Linearity (left hand) {rF+ Dex+6 Slay+3}
   (You acquired it on level 3 of the Dungeon)

   [ring of dexterity]

   Dex:       It affects your dexterity (+6).
   Slay:      It affects your accuracy & damage with ranged weapons and melee
   (+3).
   rF:        It protects you from fire.
 v - an amulet of reflection (around neck)
 z - an amulet of faith
Wands
 y - a wand of flame (19)
Scrolls
 a - 2 scrolls of teleportation
 b - 3 scrolls of fog
 g - 3 scrolls of blinking
 i - 3 scrolls of poison
 k - 3 scrolls of fear
 m - a scroll of enchant weapon {unknown}
 r - 2 scrolls of noise {unknown}
 t - a scroll of enchant armour
 x - a scroll of amnesia {unknown}
 A - a scroll of vulnerability {unknown}
Potions
 c - 2 potions of cancellation
 f - a potion of haste {unknown}
 h - a potion of curing
 j - 2 potions of heal wounds {unknown}
 l - 2 potions of attraction {unknown}
 o - 2 potions of lignification {unknown}
 p - 2 potions of degeneration {unknown}
 s - a potion of mutation {unknown}
 w - a potion of flight {unknown}


   Skills:
 + Level 5.9 Fighting
 + Level 9.5 Axes
 + Level 3.0 Throwing
 + Level 5.2 Armour
 + Level 4.7 Dodging
 + Level 0.7 Stealth
 + Level 2.5 Shields


You had 8 spell levels left.
You didn't know any spells.
Your spell library contained the following spells:

 Spells                   Type           Power      Damage    Failure   Level
 Blade Hands              Tmut           0%         N/A       100%        5
 Freezing Cloud           Conj/Ice/Air   0%         6-21      100%        5
 Irradiate                Conj/Tmut      0%         3d11      100%        5


Dungeon Overview and Level Annotations

Branches:
Dungeon (8/15)             Temple (1/1) D:7
   Lair: D:8-11

Altars:
Ashenzari
Cheibriados
Dithmenos
Fedhas
Gozag
Hepliaklqana
Nemelex Xobeh
Qazlal
Ru
Sif Muna
Trog
Uskayaw
Vehumet
Wu Jian
Xom
Yredelemnul

Annotations:
Temple 2 transporters


Innate Abilities, Weirdness & Mutations

You are partially covered in slimy green scales. (AC +2)
A weak demonic guardian rushes to your aid.
Your touch may irresistibly damage your foes and sap their willpower.


Message History

The orc priest hits you but does no damage. x3
The wight barely misses you.
You closely miss the wight. You barely miss the orc priest.
You slash the orc priest!
You hit the orc priest but do no damage.
You block the wight's attack. The orc priest closely misses you.
The orc priest hits you with a +0 flail.
You block the orc priest's attack.
The wight hits you from afar with a +0 halberd!
* * * LOW HITPOINT WARNING * * *
You slash the wight!
You touch the wight.
You destroy the wight!
Qazlal accepts your kill.
You hit the orc priest.
You hit the orc priest but do no damage. x2
You block the orc priest's attack.
The orc priest mumbles some strange prayers to Beogh against you.
Beogh smites you!
* * * LOW HITPOINT WARNING * * *
A demonic guardian appears!
The orc priest invokes the aid of Beogh against you.
You struggle to resist.
You block the wight's attack. The wight hits you but does no damage.
You block the orc priest's attack.
The orc priest hits you but does no damage.
The orc priest calls down the wrath of Beogh upon you.
Pain shoots through your body!
* * * LOW HITPOINT WARNING * * *
Your shadow imp completely misses the orc priest.
Items here: )) [[.
You feel better. The wight hits you with a +0 halberd.
* * * LOW HITPOINT WARNING * * *
The orc priest hits you with a +0 club.
* * * LOW HITPOINT WARNING * * *
You block the orc priest's attack.
The orc priest begins to cast a cantrip, but forgets the words!
Your shadow imp hits the orc priest but does no damage.
You feel better.
The wight is engulfed in blazing flames.
The wight hits you with a +0 halberd!
You die...

........#
#........#
#........# #.
......# #.
......#
######.♣♣.....#
....?...5.....###
.......o.<.......
.......@....>####
......zoo....+
.....♣.......#
.......#######
....... .......
.#####. #.


You could see a wight, 3 orc priests and a friendly shadow imp (summoned).

Vanquished Creatures
  Pikel (D:5)
  Prince Ribbit (D:5)
  A water moccasin (D:7)
  An orc warrior (D:7)
  3 sky beasts
  3 black bears
  3 ogres
  A centaur (D:6)
  A phantom (D:2)
  2 kobold brigands (D:7)
  A gnoll sergeant (D:7)
  4 scorpions
  2 wights (D:8)
  5 killer bees (D:7)
  4 hounds
  3 orc priests
  4 jellies
  4 sleepcaps
  8 iguanas
  2 orc wizards
  8 gnolls
  12 adders
  A shadow imp (D:5)
  An ufetubus (D:5)
  2 worms
  A dart slug (D:1)
  10 orcs
  11 ball pythons
  8 bats
  7 endoplasms
  4 giant cockroaches
  9 goblins
  6 hobgoblins
  4 jackals
  13 kobolds
  2 quokkas
  2 frilled lizards (D:1)
  9 rats
  A spectral orc (D:4)
165 creatures vanquished.

Vanquished Creatures (collateral kills)
  An orc (D:6)
1 creature vanquished.

Grand Total: 166 creatures vanquished

Notes
Turn   | Place    | Note
-------+----------+-------------------------------------------
     0 | D:1      | Sabo the Demonspawn Monk began the quest for the Orb.
     0 | D:1      | Reached XP level 1. HP: 18/18 MP: 1/1
   216 | D:1      | Gained mutation: You are partially covered in slimy green
                  | scales. (AC +2) [demonic ancestry]
   216 | D:1      | Reached XP level 2. HP: 20/24 MP: 2/2
   397 | D:1      | Found a faded altar of an unknown god.
   590 | D:1      | Reached skill level 3 in Axes
   721 | D:1      | Gained mutation: Your touch may inflict minor irresistible
                  | damage on your foes. [demonic ancestry]
   721 | D:1      | Reached XP level 3. HP: 29/29 MP: 3/3
  1132 | D:2      | Gained mutation: A weak demonic guardian rushes to your
                  | aid. [demonic ancestry]
  1132 | D:2      | Reached XP level 4. HP: 26/35 MP: 4/4
  1132 | D:2      | Noticed a phantom
  1144 | D:2      | HP: 1/35 [phantom (2)]
  1155 | D:2      | Killed a phantom
  1156 | D:2      | Reached skill level 4 in Axes
  1156 | D:2      | Reached skill level 1 in Throwing
  1156 | D:2      | Reached skill level 1 in Armour
  1156 | D:2      | Gained mutation: Your touch may inflict irresistible damage
                  | on your foes. [demonic ancestry]
  1156 | D:2      | Reached XP level 5. HP: 15/41 MP: 5/5
  1633 | D:2      | Got Sif Muna's Secrets of the Snowflakes and Transmigration
  2177 | D:3      | Identified 2 scrolls of acquirement
  2179 | D:3      | Acquired 805 gold pieces
  2184 | D:3      | Acquired the ring of Linearity {rF+ Dex+6 Slay+3}
  2647 | D:4      | Noticed a black bear
  2656 | D:4      | Killed a black bear
  2657 | D:4      | Reached skill level 5 in Axes
  2657 | D:4      | Gained mutation: Your touch may irresistibly damage your
                  | foes and sap their willpower. [demonic ancestry]
  2657 | D:4      | Reached XP level 6. HP: 37/47 MP: 6/6
  2775 | D:4      | Found a basalt altar of Yredelemnul.
  3178 | D:5      | Entered Level 5 of the Dungeon
  3306 | D:5      | Noticed Pikel
  3309 | D:5      | Noticed Prince Ribbit
  3311 | D:5      | Killed Pikel
  3312 | D:5      | Reached skill level 6 in Axes
  3312 | D:5      | Reached XP level 7. HP: 45/53 MP: 7/7
  3319 | D:5      | Killed Prince Ribbit
  3320 | D:5      | Reached XP level 8. HP: 55/61 MP: 8/8
  3603 | D:5      | Reached skill level 7 in Axes
  4694 | D:6      | Reached skill level 5 in Fighting
  4694 | D:6      | Reached skill level 1 in Shields
  4703 | D:6      | Reached skill level 8 in Axes
  4995 | D:6      | Reached XP level 9. HP: 68/68 MP: 9/9
  5014 | D:6      | Found a shimmering altar of Xom.
  5824 | D:7      | Reached skill level 5 in Armour
  5978 | D:7      | Found a sparkling altar of Nemelex Xobeh.
  5993 | D:7      | Found a staircase to the Ecumenical Temple.
  6007 | Temple   | Entered the Ecumenical Temple
  6007 | Temple   | Found a transporter.
  6007 | Temple   | Found a transporter.
  6009 | Temple   | Found a transporter.
  6009 | Temple   | Found a transporter.
  6029 | Temple   | Became a worshipper of Qazlal Stormbringer
  6029 | Temple   | Reached * piety under Qazlal
  6029 | Temple   | Reached ** piety under Qazlal
  6066 | D:7      | Reached skill level 9 in Axes
  6721 | D:8      | HP: 2/69 [orc priest/nerve-wracking pain (5)]
  6723 | D:8      | Slain by a wight

Illustrated notes

Levels and vault maps discovered:
D:1:      dpeg_arrival_refuge, layout_loops_ring, ebering_ecumenical_altar_mist
D:2:      layout_basic
D:3:      minmay_wonky_spiral, layout_rooms
D:4:      layout_cave_pools, yredelemnul_forgotten_temple_becter, st_stairs_13,
          grunt_decor_fettered
D:5:      layout_basic, uniq_pikel, uniq_prince_ribbit1
D:6:      layout_basic, old_standard_altar
D:7:      layout_loops_cross, nemelex_dance_club_becter,
          minmay_temple_entry_junction_2, grunt_ministairs_7, minmay_liquid_box,
          kennysheep_generic_room_9
D:8:      lemuel_slime, layout_basic, gammafunk_temple_overflow_statue
Temple:   hellmonk_temple_divided_pantheon

Skill      XL: |  1  2  3  4  5  6  7  8  9 |
---------------+----------------------------+-----
Dodging        | 3 4 |  4.7
Axes           | 3 4 5 6 8 9 |  9.5
Throwing       | 1 2 3 |  3.0
Armour         | 1 3 4 5 |  5.2
Fighting       | 4 5 |  5.9
Shields        | 1 2 |  2.5
Stealth        | |  0.7

Action                     |  1- 3 |  4- 6 |  7- 9 || total
---------------------------+-------+-------+-------++-------
  Melee: Hand axe          |    87 |    76 |       ||   163
         War axe           |       |    43 |   184 ||   227
         Touch             |       |     4 |    40 ||    44
         Punch             |       |     1 |     2 ||     3
  Throw: Boomerang         |    12 |       |    47 ||    59
    Use: Scroll            |     2 |     7 |     2 ||    11
         Potion            |       |     1 |     4 ||     5
 Armour: Leather armour    |     9 |       |       ||     9
         Ring mail         |    26 |    50 |    13 ||    89
         Chain mail        |       |       |    64 ||    64
         Plate armour      |       |       |    37 ||    37
  Dodge: Dodged            |    67 |    77 |    83 ||   227
  Block: Other             |       |     1 |    57 ||    58
         Reflection        |       |       |     2 ||     2
